 Dungeon Crawl Stone Soup version 0.30-a0-118-ga018f8e90f (webtiles) character file.

Game seed: 14067710922577461472

287 Newt the Trooper (level 6, -1/48 HPs)
             Began as a Demonspawn Gladiator on Sept 13, 2022.
             Was a Believer of Qazlal.
             Killed by nerve-wracking pain
             ... invoked by Grinder
              (7 damage)
             ... while paralysed by Grinder
             ... on level 4 of the Dungeon.
             The game lasted 00:04:03 (3817 turns).

Newt the Trooper (Demonspawn Gladiator)             Turns: 3817, Time: 00:04:03

Health: -1/48      AC:  6    Str: 17    XL:     6   Next: 8%
Magic:  6/6        EV:  2    Int:  9    God:    Qazlal [**....]
Gold:   88         SH:  0    Dex: 14    Spells: 5/5 levels left

rFire   . . .      SeeInvis .    a - +1 rapier
rCold   . . .      Faith    .    v - +0 buckler {rN+}
rNeg    + . .      Spirit   .    b - +0 leather armour
rPois   .          Reflect  +    r - +1 helmet of the Stone Wall {rElec}
rElec   +          Harm     .    n - +0 cloak
rCorr   .          Rampage  .    (no gloves)
Will    .....                    (no boots)
Stlth   ++........               h - amulet of reflection
HPRegen 0.16/turn                (no ring)
MPRegen 0.10/turn                (no ring)

@: paralysed
A: powered by death 2, demonic magic 2
a: Renounce Religion, Upheaval


You were on level 4 of the Dungeon.
You worshipped Qazlal.
Qazlal was pleased with you.
You visited 1 branch of the dungeon, and saw 4 of its levels.

You collected 173 gold pieces.
You spent 85 gold pieces at shops.

Inventory:

Hand Weapons
 a - a +1 rapier (weapon)
Missiles
 d - 2 throwing nets (quivered)
 e - a javelin
Armour
 b - a +0 leather armour (worn)
 c - a +0 helmet
 j - a +1 hat
 n - a +0 cloak (worn)
 r - the +1 helmet of the Stone Wall (worn) {rElec}
   (You found it on level 3 of the Dungeon)

   rElec:     It insulates you from electricity.
 u - a +0 scale mail
 v - a +0 buckler of positive energy (worn)
Jewellery
 h - an amulet of reflection (around neck)
Wands
 t - a wand of flame (19)
Scrolls
 l - 3 scrolls of immolation
 m - a scroll of silence {unknown}
Potions
 f - a potion of invisibility
 g - a potion of brilliance
 i - a potion of cancellation {unknown}
 k - a potion of attraction {unknown}
 p - 3 potions of curing {unknown}


   Skills:
 - Level 4.0 Fighting
 - Level 4.0 Short Blades
 - Level 1.7 Throwing
 - Level 2.6 Dodging
 - Level 2.0 Stealth
 + Level 2.5 Shields


You had 5 spell levels left.
You didn't know any spells.
Your spell library contained the following spells:

 Spells                   Type           Power      Damage    Failure   Level
 Summon Forest            Summ/Tloc      0%         N/A       100%        5
 Summon Mana Viper        Hex/Summ       0%         N/A       100%        5
 Summon Cactus Giant      Summ           0%         N/A       100%        6


Dungeon Overview and Level Annotations

Branches:
Dungeon (4/15)
 Temple: D:4-7

Altars:
Makhleb
Qazlal
Vehumet

Shops:
D:3 [

Annotations:
D:4 Grinder


Innate Abilities, Weirdness & Mutations

You regenerate health from kills.
Spells you cast may paralyse nearby enemies.


Message History

Grinder hits you but does no damage. Grinder closely misses you.
You hit Grinder but do no damage.
Grinder is lightly wounded.
Grinder hits you.
* * * LOW HITPOINT WARNING * * *
You barely miss Grinder.
Grinder is lightly wounded.
You block Grinder's attack. Grinder misses you.
You closely miss Grinder.
Grinder is lightly wounded.
Grinder barely misses you.
You hit Grinder.
Grinder is moderately wounded.
You block Grinder's attack. Grinder closely misses you.
You hit Grinder.
Grinder is moderately wounded.
Grinder is no longer moving quickly.
Grinder says, "Tell me all your secrets, or I'll kill you."
Grinder hits you.
* * * LOW HITPOINT WARNING * * *
You writhe in agony.
* * * LOW HITPOINT WARNING * * *
You hit Grinder.
Grinder is heavily wounded.
Grinder barely misses you.
Unknown command.
You hit Grinder but do no damage.
Grinder is heavily wounded.
Grinder barely misses you. You block Grinder's attack.
Unknown command.
You closely miss Grinder.
Grinder is heavily wounded.
Grinder gestures at you.
You suddenly lose the ability to move!
Grinder hits you.
* * * LOW HITPOINT WARNING * * *
Grinder hits you but does no damage. Grinder gestures at you.
Pain shoots through your body!
You die...

*,* #.# #.# # *,* #.#
#.# *,*
*#######.######)## *,*
*................# *,*
*.###.##....###..#*****
*,* *,*
#.#...÷.###.....,,, *,*
*,* #......†.###.####**
*,* *,*
#.§........(..,,,,,
**,********,*
#.@°.....###.##****
**,,,,,,,,,,*
#.#5....## *.#
************* #.##...##
*.# * #.##..#####*,* *
#...........,* *
####..######**
*****************#..#
,,,,,,,,,,,,,,,,,...#
*****************####


You could see Grinder.

Vanquished Creatures
  A scorpion (D:4)
  A crimson imp (D:4)
  A hound (D:4)
  Jessica (D:2)
  6 adders
  A worm (D:3)
  4 dart slugs (D:3)
  2 orcs
  2 bats
  10 endoplasms
  6 giant cockroaches
  4 goblins
  7 hobgoblins
  5 jackals
  2 quokkas
  6 ball pythons
  2 frilled lizards (D:3)
  3 kobolds
  2 rats
66 creatures vanquished.

Notes
Turn   | Place    | Note
-------+----------+-------------------------------------------
     0 | D:1      | Newt the Demonspawn Gladiator began the quest for the Orb.
     0 | D:1      | Reached XP level 1. HP: 16/16 MP: 1/1
    20 | D:1      | Reached skill level 1 in Stealth
   427 | D:1      | Gained mutation: You regenerate a little health from kills.
                  | [demonic ancestry]
   427 | D:1      | Reached XP level 2. HP: 22/22 MP: 2/2
  1317 | D:2      | Noticed Jessica
  1329 | D:2      | Killed Jessica
  1330 | D:2      | Gained mutation: Spells you cast may paralyse adjacent
                  | enemies. [demonic ancestry]
  1330 | D:2      | Reached XP level 3. HP: 13/29 MP: 3/3
  1583 | D:2      | Found a faded altar of an unknown god.
  1617 | D:2      | HP: 1/29 [poisoned by an adder]
  2133 | D:2      | Prayed at the altar of an unknown god.
  2133 | D:2      | Became a worshipper of Qazlal Stormbringer
  2133 | D:2      | Reached * piety under Qazlal
  2197 | D:2      | Reached XP level 4. HP: 37/37 MP: 4/4
  2709 | D:3      | Identified the +1 helmet of the Stone Wall {rElec}
  2853 | D:3      | Found Panunu's Armour Boutique.
  2887 | D:3      | Bought a +0 buckler of positive energy for 85 gold pieces
  2945 | D:3      | Gained mutation: You regenerate health from kills. [demonic
                  | ancestry]
  2945 | D:3      | Reached XP level 5. HP: 42/42 MP: 5/5
  2956 | D:3      | Reached ** piety under Qazlal
  3520 | D:4      | Found a burning altar of Makhleb.
  3520 | D:4      | Found a radiant altar of Vehumet.
  3555 | D:4      | Reached skill level 1 in Shields
  3624 | D:4      | Gained mutation: Spells you cast may paralyse nearby
                  | enemies. [demonic ancestry]
  3624 | D:4      | Reached XP level 6. HP: 25/48 MP: 6/6
  3770 | D:4      | Noticed Grinder
  3781 | D:4      | Paralysed by Grinder for 5 turns
  3814 | D:4      | Paralysed by Grinder for 4 turns
  3817 | D:4      | Killed from afar by Grinder

Illustrated notes

Levels and vault maps discovered:
D:1:      lightli_arrival_flooded_house, layout_loops_ring
D:2:      layout_basic, shapermc_ecumenical_altar_pompeii, uniq_jessica
D:3:      layout_basic, serial_rivers, chequers_serial_rivers_large_a,
          chequers_serial_rivers_marsh, chequers_serial_rivers_micro_e,
          chequers_serial_rivers_micro_c, chequers_serial_rivers_small_b,
          chequers_serial_rivers_micro_c, serial_shops, shop,
          minmay_randomly_rotated_circles
D:4:      layout_loops_ring, grunt_temple_overflow_lords_of_destruction,
          uniq_pikel, uniq_natasha, uniq_grinder

Skill      XL: |  1  2  3  4  5 |
---------------+----------------+-----
Stealth        | 1 2 |  2.0
Fighting       | 3 4 |  4.0
Short Blades   | 3 4 |  4.0
Shields        | 2 |  2.5
Throwing       | |  1.7
Dodging        | |  2.6

Action                   |  1- 3 |  4- 6 || total
-------------------------+-------+-------++-------
Melee: Rapier            |    86 |   221 ||   307
       Punch             |     2 |       ||     2
Throw: Throwing net      |     2 |     2 ||     4
  Use: Scroll            |     3 |     6 ||     9
 Stab: Sleeping          |     2 |       ||     2
Armor: Leather armour    |    25 |    68 ||    93
Dodge: Dodged            |    53 |   135 ||   188
Block: Other             |       |     6 ||     6
       Buckler           |       |    31 ||    31

Table legend: (Time is in decaauts)
 A = Elapsed time spent in this place.
 B = Non-inter-level travel time spent in this place.
 C = Inter-level travel time spent in this place.
 D = Time resting spent in this place.
 E = Time spent auto-exploring this place.
 F = Levels seen in this place.
 G = Mean time per level.
                   A        B        C        D        E       F      G
               +--------+--------+--------+--------+--------+-----+--------+
         Total |   3851 |   3795 |     56 |    927 |   2191 |   4 |  962.8 |
       Dungeon |   3851 |   3795 |     56 |    927 |   2191 |   4 |  962.8 |
               +--------+--------+--------+--------+--------+-----+--------+

Top non-repeatable levels by time:
     D:2: 1512 daAuts
     D:1: 1004 daAuts
     D:3: 915 daAuts
     D:4: 420 daAuts
